 Dungeon Crawl Stone Soup version 0.30-a0-54-g2e61a25929 (webtiles) character file.

Game seed: 13266626261222319929

66 Newt the Trooper (level 3, -9/36 HPs)
             Began as a Draconian Monk on Sept 7, 2022.
             Mangled by Terence
             ... wielding a +5 trident
              (13 damage)
             ... on level 3 of the Dungeon.
             The game lasted 00:01:50 (2183 turns).

Newt the Trooper (Draconian Monk)                   Turns: 2183, Time: 00:01:51

Health: -9/36      AC:  8    Str: 15    XL:     3   Next: 96%
Magic:  3/3        EV: 12    Int: 10    God:
Gold:   102        SH:  0    Dex: 13    Spells: 2/2 levels left

rFire   . . .      SeeInvis .    a - +1 mace
rCold   . . .      Faith    .    (no shield)
rNeg    . . .      Spirit   .    (body armour unavailable)
rPois   .          Reflect  .    (helmet restricted)
rElec   .          Harm     .    f - +0 cloak
rCorr   .          Rampage  .    g - +0 pair of gloves
Will    .....                    m - +0 pair of boots
Stlth   +.........               (no amulet)
HPRegen 0.12/turn                (no ring)
MPRegen 0.08/turn                (no ring)

@: confused, ambrosia-drunk
A: AC +5, unfitting armour, cold-blooded
a: no special abilities


You were on level 3 of the Dungeon.
You visited 1 branch of the dungeon, and saw 3 of its levels.

You collected 102 gold pieces.

Inventory:

Hand Weapons
 a - a +1 mace (weapon)
Armour
 f - a +0 cloak (worn)
 g - a +0 pair of gloves (worn)
 m - a +0 pair of boots (worn)
Scrolls
 c - 3 scrolls of teleportation
 h - 2 scrolls of enchant weapon
Potions
 d - a potion of heal wounds {unknown}
 e - 2 potions of flight
 i - 2 potions of curing


   Skills:
 - Level 5.0 Fighting
 + Level 3.4 Maces & Flails
 - Level 2.6 Dodging
 - Level 2.0 Stealth


You had 2 spell levels left.
You didn't know any spells.
Your spell library was empty.

Dungeon Overview and Level Annotations

Branches:
Dungeon (3/15)

Altars:

Shops:
D:1 [

Annotations:
D:3 Terence


Innate Abilities, Weirdness & Mutations

Your plain brown scales are hard. (AC +5)
You cannot fit into any form of body armour.
You are cold-blooded and may be slowed by cold attacks.


Message History

The air around you briefly surges with heat, but it dissipates.
It was a scroll of immolation.
As you read the scroll labelled LOMIM QOEXOIXE, it crumbles to dust.
It is a scroll of identify.
e - 2 potions of flight
As you read the scroll labelled SORIRA NOAM, it crumbles to dust.
You assume a fearsome visage.
Nothing appears to happen.
It was a scroll of fear.
The air fills with toxic fumes!
As you read the scroll labelled HYITTU FIXUESCH, it crumbles to dust.
It was a scroll of poison.
Okay, then.
It was a potion of curing.
You feel better.
You start waiting.
Done waiting.
You start waiting.
Done waiting.
Terence the Incautious comes into view.
He is wielding a +5 trident.
Terence is nearby!
Terence is nearby!
Terence shouts!
Found 7 stones and a whip.
You have nothing you can fire or use right now.
Terence misses you. Terence hits you with a +5 trident!
You closely miss Terence. Terence hits you with a +5 trident!
You hit Terence.
You tail-slap Terence, but do no damage.
Terence is moderately wounded.
Terence hits you with a +5 trident.
You hit Terence but do no damage.
Terence is moderately wounded.
Terence hits you with a +5 trident!
* * * LOW HITPOINT WARNING * * *
You are confused.
You feel invigorated. Terence hits you with a +5 trident.
* * * LOW HITPOINT WARNING * * *
Unknown command.
Terence hits you with a +5 trident!
You die...

######## #.....#
###<...... #.....
#......... #.....
#......... #.)..
#......... #.(.#
#.........
#...######......... #
#...##.............
....##.@.##.############
#....@.....#
#........$..#
#...........#
............#
#.########### #


You could see Terence.

Vanquished Creatures
  3 adders (D:2)
  4 endoplasms
  2 giant cockroaches
  7 hobgoblins
  3 quokkas
  4 ball pythons (D:1)
  3 bats
  2 frilled lizards
  4 goblins
  2 kobolds (D:1)
  2 rats (D:1)
36 creatures vanquished.

Notes
Turn   | Place    | Note
-------+----------+-------------------------------------------
     0 | D:1      | Newt the Draconian Monk began the quest for the Orb.
     0 | D:1      | Reached XP level 1. HP: 19/19 MP: 1/1
   169 | D:1      | Reached XP level 2. HP: 27/27 MP: 2/2
   278 | D:1      | Reached skill level 4 in Fighting
   640 | D:1      | Found Mopean's Armour Emporium.
  1083 | D:2      | Reached XP level 3. HP: 22/34 MP: 3/3
  1395 | D:2      | Reached skill level 5 in Fighting
  2174 | D:3      | Noticed Terence
  2182 | D:3      | HP: 1/36 [Terence/+5 trident (6)]
  2183 | D:3      | Mangled by Terence

Illustrated notes

Levels and vault maps discovered:
D:1:      matt_arrival_los_fun, layout_loops_ring, serial_shops,
          nicolae_shop_trees, palyth_stone_intersect, minmay_tiny_reverse_x
D:2:      layout_basic, shapermc_ecumenical_altar_petra, minmay_strange_pillars,
          dreamdust_princess_bridge, amcnicky_mini_rare_corridor_liquid
D:3:      layout_basic, uniq_terence, uniq_ijyb, uniq_jessica

Skill      XL: |  1  2  3 |
---------------+----------+-----
Stealth        | 2 |  2.0
Fighting       | 4 5 |  5.0
Maces & Flails | |  3.4
Dodging        | |  2.6

Action                   || total
-------------------------++-------
Melee: Mace              ||   130
       Tailslap          ||    14
       Punch             ||     2
  Use: Scroll            ||     6
       Potion            ||     2
 Stab: Sleeping          ||     7
Armor: Skin              ||    48
Dodge: Dodged            ||    92

Table legend: (Time is in decaauts)
 A = Elapsed time spent in this place.
 B = Non-inter-level travel time spent in this place.
 C = Inter-level travel time spent in this place.
 D = Time resting spent in this place.
 E = Time spent auto-exploring this place.
 F = Levels seen in this place.
 G = Mean time per level.
                   A        B        C        D        E       F      G
               +--------+--------+--------+--------+--------+-----+--------+
         Total |   2218 |   2144 |     74 |    200 |   1580 |   3 |  739.3 |
       Dungeon |   2218 |   2144 |     74 |    200 |   1580 |   3 |  739.3 |
               +--------+--------+--------+--------+--------+-----+--------+

Top non-repeatable levels by time:
     D:1: 1079 daAuts
     D:2: 906 daAuts
     D:3: 232 daAuts
